 Dungeon Crawl Stone Soup version 0.25-a0-302-g9f758675c1 (webtiles) character file.

Game seed: 18141281082331126503, levelgen mode: deterministic

588 DerDa the Magician (level 7, -2/41 HPs)
             Began as an Octopode Fire Elementalist on Dec 20, 2019.
             Was an Initiate of Sif Muna.
             Slain by Pikel
             ... wielding a +2 whip of electrocution
              (6 damage)
             ... on level 5 of the Dungeon.
             The game lasted 00:13:20 (3404 turns).

DerDa the Magician (Octopode Fire Elementalist)     Turns: 3404, Time: 00:13:20

Health: -2/41      AC:  1    Str:  7    XL:     7   Next: 38%
Magic:  13/14      EV: 17    Int: 19    God:    Sif Muna [......]
Gold:   322        SH:  0    Dex: 13    Spells: 3/16 levels left

rFire    + . .     SeeInvis .   a - +1 trident (venom)
rCold    x . .     Gourm    .   (no shield)
rNeg     . . .     Faith    .   (helmet restricted)
rPois    .         Spirit   .   (no amulet)
rElec    .         Reflect  .   i - ring of fire
rCorr    .         Harm     .   s - +4 ring of evasion
MR       .....                  t - ring of flight
Stlth    +++.......             (no ring)
HPRegen  0.13/turn              (no ring)
MPRegen  0.14/turn              (no ring)
                                (no ring)
                                (no ring)

@: no status effects
A: almost no armour, stealthy swim, amphibious, 8 rings, constrict 8, camouflage
1, gelatinous body 1
a: Renounce Religion, Evoke Flight


You were on level 5 of the Dungeon.
You worshipped Sif Muna.
Sif Muna was noncommittal.
You were not hungry.

You visited 1 branch of the dungeon, and saw 5 of its levels.

You collected 322 gold pieces.

Inventory:

Hand Weapons
 a - a +1 trident of venom (weapon)
 b - a +0 hunting sling
 g - a +0 whip
Missiles
 d - 59 bolts
 m - 46 stones (quivered)
Jewellery
 i - a ring of fire (left tentacle)
 s - a +4 ring of evasion (right tentacle)
 t - a ring of flight (on tentacle)
Scrolls
 j - 2 scrolls of magic mapping
 k - 5 scrolls of teleportation
 o - 3 scrolls of immolation
 r - a scroll of remove curse
Potions
 e - 2 potions of heal wounds
 f - 2 potions of flight
 h - a potion of might
 l - 2 potions of mutation
 n - 4 potions of curing {unknown}
 p - a potion of magic {unknown}
 q - a potion of haste
 v - a potion of cancellation {unknown}
 w - a potion of agility {unknown}
 x - a potion of berserk rage {unknown}
Comestibles
 c - 8 rations
 u - a chunk of flesh


   Skills:
 - Level 2.0 Dodging
 - Level 2.6 Stealth
 * Level 5.3 Spellcasting
 + Level 3.8 Conjurations
 + Level 4.8 Fire Magic


You had 3 spell levels left.
You knew the following spells:

 Your Spells              Type           Power        Failure   Level  Hunger
a - Foxfire               Conj/Fire      ####         1%          1    None
b - Conjure Flame         Conj/Fire      ####....     6%          3    ##.....
c - Sticky Flame          Conj/Fire      ####....     21%         4    ####...
d - Fireball              Conj/Fire      ####......   50%         5    #####..

Your spell library contained the following spells:

 Spells                   Type           Power        Failure   Level  Hunger
 Animate Skeleton         Necr           N/A          12%         1    None
 Apportation              Tloc           #.....       12%         1    None
 Confusing Touch          Hex            #.....       12%         1    None
 Summon Small Mammal      Summ           #...         12%         1    None
 Inner Flame              Hex/Fire       ###.....     13%         3    ##.....


Dungeon Overview and Level Annotations

Branches:
Dungeon (5/15)
 Temple: D:4-7

Altars:
Fedhas
Hepliaklqana
Okawaru
Ru
Sif Muna
Xom
Zin

Annotations:
D:5 Pikel


Innate Abilities, Weirdness & Mutations

You cannot wear most types of armour.
You are very stealthy in the water. (Stealth+)
You are amphibious.
You can wear up to eight rings at the same time.
You can use your tentacles to constrict eight enemies at once.
Your skin changes colour to match your surroundings (Stealth+).
Your rubbery body absorbs attacks. (AC +1, EV +1)


Message History

Pikel says, "You'll fetch a fair price!"
Pikel hits you with a +2 whip of electrocution!
* * * LOW HITPOINT WARNING * * *
Pikel closely misses you.
You see here a howler monkey corpse.
The orc priest looks encouraged for a moment.
Pikel says, "Why not give up?
You'll get fed.
Maybe."
Pikel misses you.
Pikel hits you with a +2 whip of electrocution.
* * * LOW HITPOINT WARNING * * *
You see here a club.
Pikel hits you with a +2 whip of electrocution.
* * * LOW HITPOINT WARNING * * *
Pikel completely misses you.
The orc priest miscasts a cantrip.
Pikel barely misses you.
Some of the chunks of flesh in your inventory have rotted away.
The orc priest looks braver for a moment.
Pikel hits you with a +2 whip of electrocution.
You die...

#.# ####...####
#.# #...o.....#
#.###...o.....#
#.......o.....#
########...####
#...# #...#
##K.## ###@..#
#.....#
####.....#
#........#
#.##<....#
#.##.....#
#.####.###
##.## #[#
###...###.#


You could see Pikel, 2 orc priests and an orc.

Vanquished Creatures
  An ogre (D:4)
  A howler monkey (D:5)
  A hound (D:4)
  3 orc priests
  An orc wizard (D:4)
  Jessica (D:3)
  4 worker ants
  A hound zombie (D:5)
  5 gnolls
  5 adders
  An ooze (D:1)
  2 worms
  A dart slug (D:2)
  6 orcs
  9 bats
  2 giant cockroaches
  9 goblins
  4 hobgoblins
  12 jackals
  A quokka (D:2)
  A ball python (D:2)
  3 frilled lizards
  A jackal skeleton (D:4)
  11 kobolds
  6 rats
92 creatures vanquished.

Vanquished Creatures (others)
  192 foxfires
192 creatures vanquished.

Grand Total: 284 creatures vanquished

Notes
Turn   | Place    | Note
-------+----------+-------------------------------------------
     0 | D:1      | DerDa the Octopode Fire Elementalist began the quest for
                  | the Orb.
     0 | D:1      | Reached XP level 1. HP: 11/11 MP: 3/3
   170 | D:1      | Reached XP level 2. HP: 17/17 MP: 1/5
   340 | D:1      | Reached XP level 3. HP: 20/21 MP: 0/7
   789 | D:2      | Reached skill level 3 in Spellcasting
   848 | D:2      | Reached XP level 4. HP: 27/27 MP: 4/8
   961 | D:2      | Reached XP level 5. HP: 9/31 MP: 1/10
  1763 | D:3      | Found a blossoming altar of Fedhas.
  1785 | D:3      | Noticed Jessica
  1789 | D:3      | Killed Jessica
  1789 | D:3      | Reached skill level 4 in Spellcasting
  1872 | D:3      | Reached XP level 6. HP: 4/36 MP: 8/12
  1885 | D:3      | HP: 1/36 [poisoned by a worker ant]
  2266 | D:3      | Found a hazy altar of Hepliaklqana.
  2274 | D:3      | Found a shimmering blue altar of Sif Muna.
  2278 | D:3      | Became a worshipper of Sif Muna the Loreminder
  2344 | D:3      | Found an iron altar of Okawaru.
  2354 | D:3      | Found a glowing silver altar of Zin.
  2469 | D:3      | Found a sacrificial altar of Ru.
  2668 | D:4      | Found a shimmering altar of Xom.
  2806 | D:4      | Reached skill level 5 in Spellcasting
  2806 | D:4      | Reached XP level 7. HP: 33/41 MP: 9/14
  3269 | D:5      | Entered Level 5 of the Dungeon
  3283 | D:5      | Learned a level 3 spell: Conjure Flame
  3288 | D:5      | Learned a level 4 spell: Sticky Flame
  3298 | D:5      | Learned a level 5 spell: Fireball
  3379 | D:5      | Noticed Pikel
  3404 | D:5      | Slain by Pikel

Levels and vault maps discovered:
D:1:      lemuel_arrival_broad_hall, layout_basic, minmay_pentomino_p4
D:2:      layout_basic
D:3:      layout_loops_cross, nicolae_ru_sacrificial_ziggurat,
          overflow_temple_1_default, nicolae_overflow_quartered_altars,
          first_ration, minmay_misc_feat_roman, uniq_jessica
D:4:      layout_cave_pools, xom_teletrap_fun, kennysheep_generic_room_2
D:5:      layout_loops_ring, hangedman_abyss_or_decor_stabs, item_on_display_a,
          uniq_eustachio, uniq_pikel

Skill      XL: |  1  2  3  4  5  6 |
---------------+-------------------+-----
Spellcasting   | 3 4 5 |  5.3
Conjurations   | 2 3 |  3.8
Fire Magic     | 4 |  4.8
Dodging        | |  2.0
Stealth        | |  2.6

Action                   |  1- 3 |  4- 6 |  7- 9 || total
-------------------------+-------+-------+-------++-------
Melee: Whip              |    17 |    17 |       ||    34
       Constrict         |     6 |     7 |     3 ||    16
       Tentacles         |     1 |     2 |     5 ||     8
       Trident           |       |    11 |    15 ||    26
 Fire: Hunting sling     |     5 |       |       ||     5
 Cast: Foxfire           |    37 |    65 |    19 ||   121
  Use: Potion            |       |     1 |       ||     1
       Scroll            |       |     4 |     3 ||     7
 Stab: Sleeping          |       |     1 |       ||     1
  Eat: Chunk             |       |     6 |     2 ||     8
Armor: Skin              |     3 |     2 |       ||     5
Dodge: Dodged            |    23 |    28 |    18 ||    69

Table legend:
 A = Non-vault XP
 B = Vault XP
 C = Vault XP percentage of total XP
 D = Non-vault monster count
 E = Vault monster count
 F = Vault count percentage of total count
                 A         B        C        D         E       F
            +---------+---------+-------+---------+---------+-------
      Total |     801 |      40 |   4.8 |      89 |       3 |   3.3
            +---------+---------+-------+---------+---------+-------
        D:1 |      59 |       3 |   4.8 |      29 |       2 |   6.5
        D:2 |     135 |       0 |   0.0 |      21 |       0 |   0.0
        D:3 |     104 |      37 |  26.2 |      12 |       1 |   7.7
        D:4 |     420 |       0 |   0.0 |      22 |       0 |   0.0
        D:5 |      83 |       0 |   0.0 |       5 |       0 |   0.0
            +---------+---------+-------+---------+---------+-------
